AoeStats
← OreosOfChina

Black Forest

507692958Analyzed
3v3 RM · 13d ago on Sep 19, 2026· 61m 26s· 6 players
Game mode
Random Map
Map size
Normal (6 player)
Population
200
Speed
Normal
Resources
Standard
Victory
Conquest
Starting age
Dark Age
Ending age
Imperial Age
RankedLock teamsTeams togetherTeam positionsShared explorationLock speedFull tech treeHidden civsTurbo modeCheats
Victory
Defeat
🇹🇷 Britons · Türkiye
977
+14
🇭🇺 Sicilians · Hungary
968
+14
🇦🇺 Bohemians · Australia
899
+17
🇬🇧 Lithuanians · United Kingdom
968
-16
🇬🇧 Spanish · United Kingdom
923
-15
🇬🇧 Bohemians · United Kingdom
893
-14
OreosOfChina
8:16 Loom
11:24 Feudal Age
11:46 Horse Collar
11:53 Double-Bit Axe
19:26 Castle Age
19:58 Scale Barding Armor
20:04 Forging
20:09 Bloodlines
20:11 Husbandry
21:50 Gold Mining
21:54 Stone Mining
24:07 Wheelbarrow
32:39 Imperial Age
32:40 Chain Barding Armor
32:56 Iron Casting
33:34 Caravan
33:36 Elite Leitis
35:40 Hand Cart
35:53 Conscription
36:11 Plate Barding Armor
35:39 Heavy Plow
35:51 Bow Saw
Sir Lord Jimmy Crystal
12:16 Loom
14:03 Feudal Age
15:16 Double-Bit Axe
17:42 Castle Age
16:13 Horse Collar
19:19 Bow Saw
30:38 Husbandry
30:49 Bloodlines
30:39 Gold Mining
37:16 Imperial Age
35:59 Heavy Plow
37:35 Stone Mining
38:59 Ballistics
41:36 Elite Conquistador
53:11 Coinage
52:56 Guilds
54:26 Banking
Charismo
1:45 Loom
15:17 Feudal Age
19:36 Man-at-Arms
27:12 Double-Bit Axe
27:09 Horse Collar
35:35 Forging
35:26 Scale Mail Armor
39:33 Castle Age
42:37 Long Swordsman
43:56 Iron Casting
43:36 Chain Mail Armor
42:45 Pikeman
noremorse
11:59 Feudal Age
10:50 Loom
17:01 Castle Age
18:04 Double-Bit Axe
18:02 Horse Collar
23:41 Wheelbarrow
25:20 Hand Cart
26:00 Bow Saw
26:16 Heavy Plow
27:34 Town Watch
29:04 Caravan
32:34 Imperial Age
31:46 Scale Mail Armor
31:57 Forging
33:10 Wagenburg Tactics
33:37 Conscription
32:41 Elite Hussite Wagon
33:41 Chain Mail Armor
34:02 Iron Casting
34:38 Man-at-Arms
35:16 Long Swordsman
36:32 Plate Mail Armor
37:03 Blast Furnace
36:40 Two-Handed Swordsman
37:22 Squires
37:09 Arson
38:50 Two-Man Saw
37:24 Champion
57:15 Pikeman
Hardware
0:30 Loom
14:47 Feudal Age
22:33 Castle Age
21:26 Double-Bit Axe
21:25 Horse Collar
34:31 Imperial Age
36:56 Chemistry
37:31 Cavalier
37:36 Elite Skirmisher
38:19 Padded Archer Armor
38:09 Fletching
39:24 Leather Archer Armor
39:30 Bodkin Arrow
40:46 Pikeman
42:17 Ring Archer Armor
41:47 Bracer
42:13 Forging
42:23 Heavy Plow
42:46 Halberdier
44:37 Bow Saw
47:29 Iron Casting
46:57 Scale Mail Armor
48:57 Elite Longbowman
50:38 Scale Barding Armor
50:45 Squires
58:39 Ballistics
58:00 Treadmill Crane
59:22 Blast Furnace
58:38 Chain Mail Armor
58:57 Man-at-Arms
59:22 Gambesons
60:02 Chain Barding Armor
59:05 Crossbowman
59:06 Heavy Cavalry Archer
61:15 Long Swordsman
62:30 Plate Mail Armor
62:37 Plate Barding Armor
62:04 Husbandry
61:25 Light Cavalry
GuZ
1:03 Loom
13:14 Feudal Age
15:38 Scale Mail Armor
18:03 Double-Bit Axe
18:00 Horse Collar
19:37 Fletching
27:20 Castle Age
26:01 Gold Mining
26:03 Stone Mining
26:57 Scale Barding Armor
29:15 Chain Barding Armor
30:57 Wheelbarrow
30:07 Town Watch
31:13 Bloodlines
32:27 Bow Saw
32:21 Heavy Plow
33:41 Forging
34:04 Hand Cart
36:18 Iron Casting
38:22 Gold Shaft Mining
38:31 Masonry
37:46 Elite Skirmisher
38:41 Bodkin Arrow
38:46 Padded Archer Armor
39:21 Husbandry
40:33 Leather Archer Armor
44:29 Imperial Age
42:33 Sanctity
44:38 Cavalier
45:25 Hauberk
45:59 Plate Barding Armor
46:48 Crop Rotation
46:14 Onager
47:19 Siege Engineers
49:50 Chain Mail Armor
51:07 Blast Furnace
50:48 Pikeman
51:31 Squires
50:59 Siege Onager
52:30 Guilds
52:26 Caravan
52:14 Halberdier
53:50 Plate Mail Armor
53:44 Conscription
55:58 Town Patrol
55:56 Murder Holes
56:22 Ballistics
57:02 Bracer
61:53 Hoardings
Connection lost

Rejoining the realm…

Still unreachable

The connection could not be restored.

Session expired

The server has moved on; the page needs a fresh start.